 Dungeon Crawl Stone Soup version 0.32-a0-953-g508020473e (webtiles) character file.

Game seed: 7240270415183879801

2339 spaghetti the Ruffian (level 9, -1/61 HPs)
             Began as a Naga Berserker on Apr 17, 2024.
             Was a Priest of Trog.
             Hit by a large rock thrown by a cyclops (18 damage)
             ... on level 8 of the Dungeon.
             The game lasted 00:06:46 (5604 turns).

spaghetti the Ruffian (Naga Berserker)              Turns: 5604, Time: 00:06:46

Health: -1/61      AC:  7    Str: 24    XL:     9   Next: 43%
Magic:  0/18       EV: 15    Int:  6    God:    Trog [***...]
Gold:   312        SH:  0    Dex: 14    Spells: 8/8 levels left

rFire   + .          .
                       - Unarmed
rCold   . . .        (shield currently unavailable)
rNeg    . . .        i - melded +2 ring mail {rC+}
rPois   +            c - +0 helmet
rElec   .            (no cloak)
rCorr   .            e - +2 pair of gloves
SInv    +            (no barding)
Will    +....        f - amulet of guardian spirit
Stlth   +            g - ring of protection from fire
HPRegen 0.30/turn    r - ring of magical power
MPRegen 0.16/turn

%: guardian spirit
@: flux-form, on berserk cooldown, slowed, glowing, very slow
A: glow, contaminating, reduced hp, AC +3, large, see invisible, deformed body,
poison resistance, slowness 2, spit poison 1, naga tail 1, mutation resistance
1, strong 1, wild magic 1
a: Spit Poison, Begin Untransformation, Renounce Religion, Berserk, Trog's Hand


You were on level 8 of the Dungeon.
You worshipped Trog.
Trog was most pleased with you.
You were something dangerously unstable.
You visited 1 branch of the dungeon, and saw 8 of its levels.

You collected 312 gold pieces.

Inventory:

Armour
 c - a +0 helmet (worn)
 e - a +2 pair of gloves (worn)
 i - a +2 ring mail of cold resistance (melded)
Jewellery
 d - a ring of protection from fire
 f - an amulet of guardian spirit (around neck)
 g - a ring of protection from fire (left hand)
 m - the ring of the Hero {Fire rCorr MP+9 SInv}
   (You found it on level 6 of the Dungeon)

   [ring of fire]

   Fire:      It enhances your fire magic.
   rF+:       It protects you from fire.
   rC-:       It makes you vulnerable to cold.
   MP+9:      It affects your magic capacity (+9).
   SInv:      It lets you see invisible.
   rCorr:     It protects you from acid and corrosion.
 r - a ring of magical power (right hand)
Talismans
 l - a flux talisman (active)
Wands
 v - a wand of polymorph (11)
 w - a wand of paralysis (9)
Scrolls
 b - 2 scrolls of fog
 h - 4 scrolls of revelation
 j - 2 scrolls of vulnerability
 k - 2 scrolls of teleportation
 o - a scroll of enchant weapon
 s - 2 scrolls of noise
Potions
 a - 3 potions of curing
 n - 2 potions of attraction
 q - a potion of berserk rage
 t - a potion of magic


   Skills:
 + Level 6.8 Fighting
 - Level 2.4 Armour
 + Level 5.2 Dodging
 + Level 7.6 Unarmed Combat
 + Level 4.1 Shapeshifting


You had 8 spell levels left.
You didn't know any spells.
Your spell library was empty.

Dungeon Overview and Level Annotations

Branches:
Dungeon (8/15)             Temple (0/1) D:7
   Lair: D:8-11

Altars:
Elyvilon
Gozag
Qazlal
Ru
Sif Muna
Yredelemnul
Beogh

Shops:
D:2 *

Annotations:
D:7 3 runed translucent doors, runemasterragnar's ghost, novice OpSh


Innate Abilities, Weirdness & Mutations

You are something dangerously unstable.
You glow with magical radiation, making you easy to see and hit.
Foes you strike become dangerously contaminated with magical radiation.
Your maximum health is decreased, since you lack skill for your form.
You are incapable of wielding weapons or throwing items.
Your serpentine skin is tough. (AC +3)
You have supernaturally acute eyesight. (SInv)
Armour fits poorly on your strangely shaped body.
Your system is resistant to poisons. (rPois)
You cover ground very slowly.
You can spit poison.
You have a snake-like lower body.
You are somewhat resistant to further mutation.
Your muscles are strong. (Str +4, Int/Dex -1)
Your spells are a little harder to cast, but a little more powerful.


Message History

Unknown command.
You hit the komodo dragon.
The komodo dragon glows dangerously bright.
The komodo dragon is almost dead.
The komodo dragon bites you but does no damage.
The white imp hits you. The white imp freezes you.
* * * LOW HITPOINT WARNING * * *
Your shadow imp hits the komodo dragon.
Unknown command.
Unknown command.
You catch the helpless komodo dragon completely off-guard!
You punch the komodo dragon!
You kill the komodo dragon!
Trog accepts your kill. The white imp gestures at you.
The puff of frost misses you. The puff of frost hits your shadow imp.
Your shadow imp resists.
Unknown command.
You swap places.
Your skin stops crawling.
You feel less strong-willed. The white imp gestures at you.
The puff of frost misses your shadow imp.
The puff of frost hits you.
* * * LOW HITPOINT WARNING * * *
Your shadow imp hits the white imp.
The white imp closely misses your shadow imp.
Your shadow imp barely misses the white imp.
Items here: ( ) [ †.
Unknown command.
Unknown command.
Your shadow imp barely misses the cyclops.
Unknown command.
Your shadow imp hits the cyclops but does no damage. x2
The cyclops hits your shadow imp!!
Your shadow imp dies!
Your shadow imp dissolves into shadows!
The boulder beetle leaps!
Unknown command.
The cyclops throws a large rock.
The large rock hits you!!
You die...

#...# #...####.
## #........
#.##5...###+
###.#C#...#
#..#)##...# #####
##.## ...+
.....####.## .C##
.[......p######.#
.............##J.
.................
###........>....
####....#.###)
#.##.#.# #<# .# #
### .# .#


You could see a cyclops and a white imp.

Vanquished Creatures
  A komodo dragon (D:8)
  3 water moccasins
  A sky beast (D:6)
  An ice beast (D:8)
  3 ogres
  A centaur (D:7)
  4 bullfrogs
  A gnoll sergeant (D:6)
  2 scorpions (D:6)
  A wight (D:7)
  A killer bee (D:8)
  2 bombardier beetles
  6 hounds
  3 jellies
  2 orc priests
  4 iguanas
  An orc wizard (D:8)
  A sleepcap (D:7)
  3 gnolls (D:6)
  7 adders
  A ribbon worm (D:5)
  3 dart slugs
  23 orcs
  2 bats
  9 endoplasms
  3 giant cockroaches
  5 goblins
  6 hobgoblins
  12 jackals
  3 kobolds
  A quokka (D:3)
  5 ball pythons
  2 frilled lizards (D:2)
  4 rats
127 creatures vanquished.

Vanquished Creatures (collateral kills)
  An orc priest (D:8)
1 creature vanquished.

Grand Total: 128 creatures vanquished

Notes
Turn   | Place    | Note
-------+----------+-------------------------------------------
     0 | D:1      | spaghetti the Naga Berserker began the quest for the Orb.
     0 | D:1      | Reached XP level 1. HP: 21/21 MP: 1/1
   174 | D:1      | Reached XP level 2. HP: 26/28 MP: 2/2
   910 | D:2      | Gained mutation: You are strong-willed. (Will+) [potion of
                  | mutation]
   910 | D:2      | Gained mutation: Your mind is acute. (Int +4, Str/Dex -1)
                  | [potion of mutation]
  1071 | D:2      | Found a white marble altar of Elyvilon.
  1094 | D:2      | Reached XP level 3. HP: 34/34 MP: 3/3
  1141 | D:2      | Reached skill level 4 in Unarmed Combat
  1244 | D:2      | Reached XP level 4. HP: 42/42 MP: 4/4
  1343 | D:2      | Found Heokh's Assorted Antiques.
  1404 | D:2      | Reached ** piety under Trog
  1654 | D:3      | Lost mutation: You are strong-willed. (Will+) [potion of
                  | mutation]
  1654 | D:3      | Lost mutation: Your mind is acute. (Int +4, Str/Dex -1)
                  | [potion of mutation]
  1654 | D:3      | Gained mutation: Your muscles are strong. (Str +4, Int/Dex
                  | -1) [potion of mutation]
  1654 | D:3      | Gained mutation: Your spells are a little harder to cast,
                  | but a little more powerful. [potion of mutation]
  1654 | D:3      | Gained mutation: You are somewhat resistant to further
                  | mutation. [potion of mutation]
  1776 | D:3      | Reached XP level 5. HP: 49/49 MP: 5/5
  2066 | D:3      | Reached *** piety under Trog
  2335 | D:4      | Reached skill level 5 in Unarmed Combat
  2339 | D:4      | Reached XP level 6. HP: 55/57 MP: 6/6
  2440 | D:4      | Found a sacrificial altar of Ru.
  2984 | D:4      | Reached XP level 7. HP: 44/66 MP: 4/7
  3162 | D:5      | Entered Level 5 of the Dungeon
  3393 | D:5      | Found a white marble altar of Elyvilon.
  3956 | D:6      | Found a basalt altar of Yredelemnul.
  4031 | D:6      | Reached skill level 5 in Fighting
  4031 | D:6      | Reached skill level 6 in Unarmed Combat
  4031 | D:6      | Reached skill level 1 in Shapeshifting
  4056 | D:6      | Reached XP level 8. HP: 18/74 MP: 4/8
  4235 | D:6      | Identified the ring of the Hero {Fire rCorr MP+9 SInv}
  4939 | D:7      | Reached skill level 7 in Unarmed Combat
  4952 | D:7      | Reached XP level 9. HP: 42/82 MP: 9/9
  5030 | D:7      | Found a stormy altar of Qazlal.
  5149 | D:7      | Found a staircase to the Ecumenical Temple.
  5200 | D:7      | Found an opulent altar of Gozag.
  5200 | D:7      | Found a shimmering blue altar of Sif Muna.
  5213 | D:7      | Found a runed translucent gate.
  5214 | D:7      | Found a runed translucent gate.
  5214 | D:7      | Noticed runemasterragnar's ghost (novice OpSh)
  5215 | D:7      | Found a runed translucent gate.
  5292 | D:7      | Reached skill level 5 in Dodging
  5477 | D:7      | Found a roughly hewn altar of Beogh.
  5559 | D:8      | Noticed a cyclops
  5591 | D:8      | Noticed a komodo dragon
  5597 | D:8      | Noticed a boulder beetle
  5600 | D:8      | Killed a komodo dragon
  5604 | D:8      | Hit by a large rock thrown by a cyclops

Illustrated notes

Levels and vault maps discovered:
D:1:      minmay_arrival_doors, layout_loops_cross, nicolae_figureground_pulse
D:2:      layout_basic, serial_shops, nicolae_shop_just_a_little_nook,
          basic_altar
D:3:      layout_basic, serial_bayou_pond_b, minmay_fractal_squares_diagonal_5
D:4:      layout_cave_pools, nicolae_ru_awakened_eye, grunt_ministairs_13
D:5:      layout_basic, elyvilon_altar_3, chequers_serial_rivers_small_a,
          nicolae_titane
D:6:      layout_loops_cross, yredelemnul_altar_generic
D:7:      layout_gridville, gammafunk_temple_overflow_wave,
          nicolae_qazlal_scattered_showers, minmay_temple_entry_junction,
          biasface_ghost_orc_armoury, st_stairs_13
D:8:      minmay_ornate_pinched, layout_basic, hangedman_decor_clover_reticule

Skill      XL: |  1  2  3  4  5  6  7  8  9 |
---------------+----------------------------+-----
Armour         | 2 |  2.4
Unarmed Combat | 4 5 6 7 |  7.6
Dodging        | 2 3 4 5 |  5.2
Fighting       | 4 5 6 |  6.8
Shapeshifting  | 1 3 4 |  4.1

Action                     |  1- 3 |  4- 6 |  7- 9 || total
---------------------------+-------+-------+-------++-------
  Melee: Unarmed           |    52 |   155 |   182 ||   389
         Punch             |     3 |     5 |     1 ||     9
 Invoke: Berserk           |     1 |       |     3 ||     4
         Trog's Hand       |       |       |     3 ||     3
Ability: Spit Poison       |    16 |    33 |    21 ||    70
  Evoke: Wand              |       |       |     1 ||     1
    Use: Scroll            |     4 |     1 |     4 ||     9
         Potion            |     3 |     7 |     5 ||    15
   Stab: Invisible         |       |     1 |       ||     1
         Distracted        |       |       |     1 ||     1
 Armour: Animal skin       |    28 |     4 |       ||    32
         Ring mail         |       |    91 |    19 ||   110
         Skin              |       |     2 |    78 ||    80
  Dodge: Dodged            |    28 |    57 |   121 ||   206
   Form: Flux              |       |       |     1 ||     1

Table legend: (Time is in decaauts)
 A = Elapsed time spent in this place.
 B = Non-inter-level travel time spent in this place.
 C = Inter-level travel time spent in this place.
 D = Time resting spent in this place.
 E = Time spent auto-exploring this place.
 F = Levels seen in this place.
 G = Mean time per level.
                   A        B        C        D        E       F      G
               +--------+--------+--------+--------+--------+-----+--------+
         Total |   7156 |   6807 |    349 |    164 |   5688 |   8 |  894.5 |
       Dungeon |   7156 |   6807 |    349 |    164 |   5688 |   8 |  894.5 |
               +--------+--------+--------+--------+--------+-----+--------+

Top non-repeatable levels by time:
     D:6: 1310 daAuts
     D:1: 1054 daAuts
     D:4: 1048 daAuts
     D:3: 1037 daAuts
     D:2: 949 daAuts
     D:7: 855 daAuts
     D:5: 840 daAuts
     D:8: 59 daAuts
